[Event "Titled Tuesday Blitz February 28 Early 2023"]
[White "Neiksans, Arturs"]
[Black "benny_aizenberg"]
[WhiteFideId "11601388"]
[WhiteElo "2497"]
[BlackElo "2556"]
[Result "1/2-1/2"]
[Round "02"]
[TimeControl "180+2"]
[Date "2023.02.28"]
[WhiteClock "0:00:01"]
[BlackClock "0:00:05"]

1. Nf3 g6 2. e4 c5 3. d4 cxd4 4. Nxd4 Nc6 5. c4 Bg7 6. Be3 Nf6 7. Nc3 Ng4 8. Qxg4 Nxd4 9. Qd1 e5 10. Bd3 O-O 11. O-O d6 12. a4 f5 13. exf5 gxf5 14. f4 Be6 15. Re1 e4 16. Bxe4 fxe4 17. Bxd4 Rxf4 18. Nxe4 Bxc4 19. Bxg7 Kxg7 20. Qd4+ Kg8 21. g3 Rf7 22. Nxd6 Bb3 23. Re8+ Qxe8 24. Nxe8 Rxe8 25. Rf1 b6 26. Rxf7 Bxf7 27. Qd7 a5 28. Qc7 Re6 29. g4 Rg6 30. h3 h5 31. Qf4 hxg4 32. hxg4 Re6 33. Kf2 Kg7 34. g5 Kg8 35. Kg3 Kg7 36. Qf5 Kg8 37. Qf4 Kg7 38. Qd4+ Kg8 39. Kf4 Kf8 40. Qh8+ Ke7 41. Qb8 Be8 42. b3 Bg6 43. Qg8 Re4+ 44. Kf3 Re6 45. Qg7+ Ke8 46. Qc7 Kf8 47. Kf4 Re4+ 48. Kf3 Re6 49. Qc3 Kf7 50. Qh8 Ke7 51. Qg7+ Ke8 52. Kf2 Bf7 53. Qd4 Ke7 54. b4 axb4 55. Qxb4+ Ke8 56. Qd4 Bg6 57. Qd5 Ke7 58. Qb7+ Ke8 59. Kg3 Kf8 60. Qc8+ Ke7 61. Kf4 Re4+ 62. Kf3 Re6 63. Qc7+ Ke8 64. Qg7 Kd8 65. Qd4+ Ke7 66. Kf4 Ke8 67. Qd5 Ke7 68. Qc4 Kf7 69. Qc7+ Ke8 70. Kg3 Kf8 71. Qd7 Bf7 72. Kf4 Re7 73. Qd8+ Be8 74. g6 Re6 75. Kf5 Rxg6 76. Qc7 Rc6 77. Qa7 Rg6 78. Qc7 Rc6 79. Qd8 Rh6 80. Kg5 Rg6+ 81. Kf4 Rc6 82. Ke5 Rg6 83. Kd4 Rc6 84. Kd5 Rg6 85. Qb8 Ke7 86. Qe5+ Kd8 87. Qf5 Rc6 88. Qg5+ Kc7 89. Qe5+ Kd8 90. Qxe8+ Kxe8 91. Kxc6 Kd8 92. Kb7 Kd7 93. Kxb6 Kc8 94. Ka7 Kc7 95. Ka8 Kb6 96. a5+ Kxa5 1/2-1/2


[Site "https://www.chess.com"]

[Event "Titled Tuesday Blitz February 28 Early 2023"]
[White "Migot, Tangi"]
[Black "Postny, Evgeny"]
[WhiteFideId "662445"]
[BlackFideId "2804344"]
[WhiteElo "2556"]
[BlackElo "2509"]
[Result "0-1"]
[Round "02"]
[TimeControl "180+2"]
[Date "2023.02.28"]
[WhiteClock "0:00:16"]
[BlackClock "0:00:45"]

1. e4 c5 2. Nf3 Nc6 3. d4 cxd4 4. Nxd4 e5 5. Nb5 a6 6. Nd6+ Bxd6 7. Qxd6 Qe7 8. Qxe7+ Kxe7 9. b3 Nf6 10. Ba3+ d6 11. Nc3 b5 12. Nd5+ Nxd5 13. exd5 Nd4 14. Kd2 Bb7 15. c3 Nf5 16. c4 a5 17. Bd3 Nh4 18. g3 Ng6 19. h4 b4 20. Bb2 Nf8 21. a3 Nd7 22. axb4 axb4 23. Bc2 Nc5 24. Rxa8 Rxa8 25. Ra1 Rxa1 26. Bxa1 Bc8 27. Ke3 g6 28. f4 Bf5 29. Bxf5 exf4+ 30. Kxf4 gxf5 31. Kxf5 Nxb3 32. Bf6+ Ke8 33. Ke4 Nc5+ 34. Ke3 b3 35. Kd2 Ne4+ 36. Kd3 Nxf6 37. Kc3 Ne4+ 38. Kxb3 Nxg3 39. Kb4 Nf5 40. Kb5 Kd7 0-1


[Site "https://www.chess.com"]

[Event "Titled Tuesday Blitz February 28 Early 2023"]
[White "Yuan, Qingyu"]
[Black "Fiorito, Francisco"]
[WhiteFideId "8609772"]
[BlackFideId "180165"]
[WhiteElo "2359"]
[BlackElo "2341"]
[Result "0-1"]
[Round "02"]
[TimeControl "180+2"]
[Date "2023.02.28"]
[WhiteClock "0:00:05"]
[BlackClock "0:01:14"]

1. d4 Nf6 2. c4 b6 3. Nf3 Bb7 4. Nbd2 g6 5. g3 Bg7 6. Bg2 O-O 7. O-O d6 8. b3 Nbd7 9. Bb2 Re8 10. Re1 e5 11. d5 e4 12. Nd4 e3 13. fxe3 Ng4 14. Nf1 Nc5 15. Bc1 Qf6 16. Rb1 Nxe3 17. Bxe3 Rxe3 18. Nc2 Re7 19. Nd2 Rae8 20. e3 Bc8 21. Rf1 Qc3 22. Kh1 Bf5 23. e4 Nxe4 24. Nxe4 Bxe4 25. Bxe4 Rxe4 26. Rf3 Re1+ 27. Nxe1 Rxe1+ 28. Kg2 Rxd1 29. Rxc3 Rd2+ 30. Kf3 Bxc3 31. Rc1 Be5 32. Re1 Rxa2 33. Re2 Rxe2 34. Kxe2 f5 35. c5 bxc5 0-1


[Site "https://www.chess.com"]

[Event "Titled Tuesday Blitz February 28 Early 2023"]
[White "Stijve, Theo"]
[Black "Harsh Suresh"]
[WhiteFideId "1331132"]
[BlackFideId "45018464"]
[WhiteElo "2256"]
[BlackElo "2227"]
[Result "0-1"]
[Round "02"]
[TimeControl "180+2"]
[Date "2023.02.28"]
[WhiteClock "0:02:22"]
[BlackClock "0:02:35"]

1. e4 c5 2. Nf3 g6 3. d4 cxd4 4. Qxd4 Nf6 5. Nc3 Nc6 6. Qa4 d6 7. e5 dxe5 8. Nxe5 Bg7 9. Bb5 O-O 10. Nxc6 bxc6 11. Bxc6 Rb8 12. O-O a5 13. Rd1 Qc7 14. Re1 Rb4 15. Qa3 Qxc6 16. Qxa5 Rg4 17. g3 Bb7 0-1


[Site "https://www.chess.com"]

[Event "Titled Tuesday Blitz February 28 Early 2023"]
[White "Maximov, Dmitry"]
[Black "Demin, Vladimir"]
[WhiteFideId "14105659"]
[BlackFideId "4167457"]
[WhiteElo "2494"]
[BlackElo "2550"]
[Result "1-0"]
[Round "02"]
[TimeControl "180+2"]
[Date "2023.02.28"]
[WhiteClock "0:00:31"]
[BlackClock "0:00:01"]

1. e4 e5 2. Nf3 Nc6 3. Bb5 a6 4. Ba4 Bc5 5. O-O Nge7 6. c3 Ba7 7. d4 Ng6 8. Be3 O-O 9. Nbd2 exd4 10. cxd4 d5 11. Bxc6 bxc6 12. e5 Re8 13. Rc1 c5 14. dxc5 Nxe5 15. Nxe5 Rxe5 16. Bd4 Rg5 17. Rc3 c6 18. Rg3 Bb8 19. f4 Rxg3 20. hxg3 Bf5 21. Re1 Bc7 22. g4 Bd3 23. Qf3 Bg6 24. f5 Qh4 25. g3 Bxg3 26. Re2 Bh5 27. Rg2 Bc7 28. Bf2 1-0


[Site "https://www.chess.com"]

[Event "Titled Tuesday Blitz February 28 Early 2023"]
[White "Kopczynski, Michal"]
[Black "Alexakis, Dimitris"]
[WhiteFideId "1124200"]
[BlackFideId "4277023"]
[WhiteElo "2212"]
[BlackElo "2493"]
[Result "0-1"]
[Round "02"]
[TimeControl "180+2"]
[Date "2023.02.28"]
[WhiteClock "0:01:05"]
[BlackClock "0:01:14"]

1. e4 c5 2. d4 cxd4 3. c3 d3 4. Bxd3 Nc6 5. f4 d5 6. e5 Nh6 7. Nf3 Bf5 8. O-O e6 9. Kh1 Bc5 10. b4 Bb6 11. a4 a6 12. Ba3 Bxd3 13. Qxd3 Nf5 14. Nbd2 h5 15. b5 h4 16. Ng5 Qxg5 17. fxg5 Ng3+ 18. Qxg3 hxg3 19. h3 Nxe5 20. Rae1 Nd3 21. g6 Nf2+ 22. Rxf2 gxf2 23. gxf7+ Kxf7 24. Rf1 axb5 25. a5 Rxa5 26. Bb4 Ra2 27. Nf3 Rha8 28. Ne5+ Kg8 0-1


[Site "https://www.chess.com"]

[Event "Titled Tuesday Blitz February 28 Early 2023"]
[White "Di Nicolantonio, Lucas"]
[Black "Kilic, Eray"]
[WhiteFideId "680460"]
[BlackFideId "44517173"]
[WhiteElo "2358"]
[BlackElo "2328"]
[Result "0-1"]
[Round "02"]
[TimeControl "180+2"]
[Date "2023.02.28"]
[WhiteClock "0:01:33"]
[BlackClock "0:02:18"]

1. e4 c5 2. Nf3 d6 3. d4 cxd4 4. Nxd4 Nf6 5. f3 e5 6. Nb3 Be6 7. c4 Nbd7 8. Nc3 Rc8 9. Be3 Bxc4 10. Bxc4 Rxc4 11. Qd3 Rc6 12. O-O Be7 13. Rac1 O-O 14. Nb5 Nc5 15. Bxc5 dxc5 16. Qc4 a6 17. Nc3 b5 18. Qe2 c4 19. Rfd1 Qb6+ 20. Qf2 cxb3 0-1


[Site "https://www.chess.com"]

[Event "Titled Tuesday Blitz February 28 Early 2023"]
[White "Kislov, Oleg"]
[Black "Amin, Bassem"]
[WhiteFideId "13503774"]
[BlackFideId "10601457"]
[WhiteElo "2186"]
[BlackElo "2690"]
[Result "0-1"]
[Round "02"]
[TimeControl "180+2"]
[Date "2023.02.28"]
[WhiteClock "0:00:10"]
[BlackClock "0:00:35"]

1. e4 e5 2. Nf3 Nc6 3. d4 exd4 4. Nxd4 Nf6 5. Nc3 Bb4 6. Nxc6 bxc6 7. Bd3 d5 8. exd5 Qe7+ 9. Qe2 Qxe2+ 10. Bxe2 Ne4 11. Bd2 Bxc3 12. Bxc3 Nxc3 13. bxc3 cxd5 14. O-O-O Be6 15. Bb5+ Ke7 16. Rhe1 Kf6 17. Bc6 Rad8 18. Re3 Rd6 19. Bb5 Rb8 20. Be2 Rdb6 21. Bf3 Rb2 22. Rd4 Bf5 23. Re2 Rb1+ 24. Kd2 R8b2 25. Ke3 c6 26. Ra4 Rb7 27. Kd4 Be6 28. Kc5 R1b5+ 29. Kxc6 Bd7+ 30. Kd6 R5b6+ 31. Kc5 Bxa4 32. Bxd5 Rc7+ 33. Kd4 Rb2 34. c4 Rxa2 35. Re3 g5 36. c5 Rxc2 37. Rf3+ Kg7 38. Be4 R2xc5 39. Rh3 Rc4+ 40. Ke5 Re7+ 41. Kf5 Rcxe4 42. f3 R7e5# 0-1


[Site "https://www.chess.com"]

[Event "Titled Tuesday Blitz February 28 Early 2023"]
[White "Pakleza, Zbigniew"]
[Black "Ingebretsen, Jens E"]
[WhiteFideId "1119290"]
[BlackFideId "1522965"]
[WhiteElo "2410"]
[BlackElo "2213"]
[Result "0-1"]
[Round "02"]
[TimeControl "180+2"]
[Date "2023.02.28"]
[WhiteClock "0:00:03"]
[BlackClock "0:00:42"]

1. d4 Nf6 2. Nf3 e6 3. Bf4 d5 4. e3 Be7 5. Nbd2 O-O 6. Bd3 b6 7. Qe2 Bb7 8. h3 Ne4 9. O-O c5 10. c3 Nd7 11. Rad1 f5 12. Bh2 Bf6 13. Nb1 Qe7 14. Ne5 Bxe5 15. dxe5 Rad8 16. f3 Ng5 17. Nd2 Kh8 18. a3 Rg8 19. Kh1 Nf7 20. f4 g5 21. Ba6 Ba8 22. c4 d4 23. exd4 cxd4 24. Nf3 Nc5 25. Bb5 d3 26. Qe3 g4 27. hxg4 Rxg4 28. b4 Ne4 29. Rxd3 Rdg8 30. Rd7 Qf8 31. Ne1 Ng3+ 32. Bxg3 Rxg3 33. Qd2 Qh6+ 34. Kg1 Qh3 35. Rf2 Nh6 36. c5 Qh4 37. c6 Ng4 38. Nf3 Rxf3 39. Rxf3 Qh2+ 40. Kf1 Qh1+ 41. Ke2 Qxg2+ 42. Kd1 Qxf3+ 43. Kc2 Bxc6 44. Bxc6 Qxc6+ 45. Kb2 Ne3 0-1


[Site "https://www.chess.com"]

[Event "Titled Tuesday Blitz February 28 Early 2023"]
[White "Sattarov, Bobir"]
[Black "Bews, Steven"]
[WhiteFideId "14203081"]
[BlackFideId "2400529"]
[WhiteElo "2351"]
[BlackElo "2542"]
[Result "1/2-1/2"]
[Round "02"]
[TimeControl "180+2"]
[Date "2023.02.28"]
[WhiteClock "0:00:28"]
[BlackClock "0:00:24"]

1. e4 e5 2. Nf3 Nf6 3. Nc3 Nc6 4. a3 Bc5 5. Nxe5 Nxe5 6. d4 Bd6 7. f4 Nc6 8. e5 Be7 9. exf6 Bxf6 10. d5 Ne7 11. Be2 O-O 12. O-O Nf5 13. Ne4 d6 14. c3 Re8 15. Bf3 Nh4 16. Bd2 Bf5 17. Ng3 Bd3 18. Rf2 Qd7 19. Qb3 Nxf3+ 20. Rxf3 Qb5 21. Qxb5 Bxb5 22. b3 Be2 23. Nxe2 Rxe2 24. Rd1 Rae8 25. Kf1 h5 26. Re1 Rxe1+ 27. Bxe1 Kf8 28. c4 Bb2 29. a4 b6 30. Bf2 f5 31. Re3 Rxe3 32. Bxe3 a5 33. Ke2 Kf7 34. Bd2 Ba3 35. Kf3 Bc5 36. h3 g6 37. Bc3 Bb4 38. Bd4 Bc5 39. Bc3 Bb4 40. Bb2 Bd2 41. Bd4 Ke7 42. Bf2 Bc3 43. g4 hxg4+ 44. hxg4 Bf6 45. Be1 fxg4+ 46. Kxg4 Kf7 47. f5 gxf5+ 48. Kxf5 Bd8 49. Bd2 Bf6 50. Be3 Bc3 51. Bg5 Ke8 52. Ke6 Bb4 53. Bf6 Bc5 54. Kf5 Kd7 55. Bc3 Bg1 56. b4 axb4 57. Bxb4 Bf2 58. Bc3 Bg1 59. Ke4 Bf2 60. Kd3 Kc8 61. Ke4 Kb7 62. Kf5 Kc8 63. Ke6 Bg1 64. a5 bxa5 65. Bxa5 Bh2 66. Bb4 Bg3 67. Kf5 Kd7 68. Ke4 c6 69. Bxd6 Kxd6 70. dxc6 Kxc6 71. c5 Kxc5 1/2-1/2


[Site "https://www.chess.com"]

[Event "Titled Tuesday Blitz February 28 Early 2023"]
[White "Ilinca Ilinca, Felix Antonio"]
[Black "Ozen, Bahadir"]
[WhiteFideId "54764998"]
[BlackFideId "6337058"]
[WhiteElo "2031"]
[BlackElo "2503"]
[Result "1-0"]
[Round "02"]
[TimeControl "180+2"]
[Date "2023.02.28"]
[WhiteClock "0:00:20"]
[BlackClock "0:00:05"]

1. e4 c6 2. d4 d5 3. Nc3 dxe4 4. Nxe4 Bf5 5. Ng3 Bg6 6. h4 h6 7. Nf3 Nd7 8. h5 Bh7 9. Bd3 Bxd3 10. Qxd3 e6 11. Bf4 Qa5+ 12. Bd2 Bb4 13. c3 Be7 14. a3 Ngf6 15. c4 Qc7 16. O-O-O O-O 17. Bc3 b5 18. Ne5 bxc4 19. Qxc4 Nxe5 20. dxe5 Nd5 21. Ne4 Rab8 22. Rd3 Qb6 23. Rg3 Kh8 24. Bd4 c5 25. Bc3 Qb3 26. Qxb3 Rxb3 27. Kc2 Rfb8 28. Nd2 R3b5 29. Nc4 Rb3 30. Na5 R3b6 31. Nc4 Rb3 32. Rd1 Kg8 33. Rgd3 R3b7 34. g3 a6 35. f4 Kf8 36. Rf1 g6 37. hxg6 fxg6 38. g4 Ke8 39. f5 gxf5 40. gxf5 Nxc3 41. Rxc3 exf5 42. Rxf5 Kd7 43. Rh5 Rh8 44. Rg3 Rbb8 45. Rg6 Rbg8 46. Rxa6 Rg2+ 47. Kb3 Rb8+ 48. Ka4 Rg4 49. b3 Rg3 50. e6+ Kc7 51. Ra7+ Rb7 52. Rxb7+ Kxb7 53. Rxh6 Rg7 54. Kb5 Kc7 55. a4 Rg8 56. a5 Rb8+ 57. Nb6 Kd6 58. a6 1-0


[Site "https://www.chess.com"]

[Event "Titled Tuesday Blitz February 28 Early 2023"]
[White "Boyer, Mahel"]
[Black "Ehlvest, Jaan"]
[WhiteFideId "45102422"]
[BlackFideId "4500016"]
[WhiteElo "2434"]
[BlackElo "2442"]
[Result "1-0"]
[Round "02"]
[TimeControl "180+2"]
[Date "2023.02.28"]
[WhiteClock "0:00:51"]
[BlackClock "0:00:01"]

1. e4 c5 2. Nf3 Nc6 3. d4 cxd4 4. Nxd4 Nf6 5. Nc3 e5 6. Nde2 Bc5 7. Ng3 d6 8. Bc4 Ng4 9. Qf3 Bxf2+ 10. Kf1 O-O 11. h3 Nd4 12. Qd3 Bxg3 13. Qxg3 Nf6 14. Bg5 Be6 15. Bd3 Nh5 16. Qh4 f6 17. Be3 f5 18. Bg5 fxe4+ 19. Kg1 Qe8 20. Nxe4 Nf5 21. Qe1 h6 22. Bd2 Nf4 23. Bxf4 exf4 24. Qb4 Qc6 25. Re1 Rae8 26. Qb5 Bd5 27. Qxc6 Bxc6 28. Kf2 Ne3 29. Nxd6 Rd8 30. Bc4+ Kh7 31. Bd3+ g6 32. Ne4 Kg7 33. Rhg1 Rfe8 34. Nc5 b6 35. Nb3 g5 36. Re2 1-0


[Site "https://www.chess.com"]

[Event "Titled Tuesday Blitz February 28 Early 2023"]
[White "Martin Duque, Jesus"]
[Black "Christiansen, Johan-Sebastian"]
[WhiteFideId "2208954"]
[BlackFideId "1512668"]
[WhiteElo "2305"]
[BlackElo "2517"]
[Result "0-1"]
[Round "02"]
[TimeControl "180+2"]
[Date "2023.02.28"]
[WhiteClock "0:00:59"]
[BlackClock "0:00:39"]

1. Nf3 d5 2. b3 Bg4 3. e3 e5 4. h3 Bxf3 5. Qxf3 Nf6 6. g4 Bd6 7. Bb2 Qe7 8. h4 e4 9. Qg2 Be5 10. Nc3 c6 11. g5 Nfd7 12. O-O-O a5 13. a4 Na6 14. d3 Nb4 15. dxe4 Bxc3 16. Bxc3 Na2+ 17. Kb2 Nxc3 18. Kxc3 Qe5+ 19. Kd2 Nc5 20. f4 Nxe4+ 21. Ke2 Qe7 22. Rd3 O-O 23. h5 b5 24. h6 g6 25. Qg4 bxa4 26. bxa4 Rab8 27. Bg2 Rb2 28. Rc1 Nc5 29. Rd4 Nb3 0-1


[Site "https://www.chess.com"]

[Event "Titled Tuesday Blitz February 28 Early 2023"]
[White "Cabarkapa, Novak"]
[Black "Astafurov, Arseniy"]
[WhiteFideId "943746"]
[BlackFideId "24175218"]
[WhiteElo "2395"]
[BlackElo "2163"]
[Result "1-0"]
[Round "02"]
[TimeControl "180+2"]
[Date "2023.02.28"]
[WhiteClock "0:01:21"]
[BlackClock "0:00:17"]

1. d4 Nf6 2. Nc3 d5 3. Bf4 a6 4. e3 c5 5. dxc5 Nc6 6. a3 e5 7. Bg5 Be6 8. b4 Be7 9. Nf3 h6 10. Bxf6 Bxf6 11. e4 d4 12. Na4 O-O 13. Nb6 Rb8 14. Bc4 Qe7 15. O-O Rfd8 16. Nd5 Qf8 17. Nxf6+ gxf6 18. Bd3 a5 19. Rb1 Rdc8 20. Nh4 Ne7 21. f4 axb4 22. axb4 b6 23. cxb6 Rxb6 24. Qh5 Qg7 25. f5 Bc4 26. Rf3 Kh8 27. Rg3 Qh7 28. Nf3 Bxd3 29. cxd3 Rc3 30. Nd2 Rb8 31. Nc4 Rg8 32. Rxg8+ Nxg8 33. b5 Qg7 34. b6 Rc2 35. Qf3 Qf8 36. b7 Qb8 37. Qd1 Ra2 38. Qb3 Ra7 39. Qb4 Kg7 40. Qd6 1-0


[Site "https://www.chess.com"]

[Event "Titled Tuesday Blitz February 28 Early 2023"]
[White "Talibov, Shiroghlan"]
[Black "Bilan, Danila"]
[WhiteFideId "13429078"]
[BlackFideId "24161918"]
[WhiteElo "2218"]
[BlackElo "2182"]
[Result "1-0"]
[Round "02"]
[TimeControl "180+2"]
[Date "2023.02.28"]
[WhiteClock "0:01:26"]
[BlackClock "0:00:02"]

1. f4 d5 2. Nf3 Nf6 3. b3 Bf5 4. Bb2 e6 5. e3 h6 6. Be2 Be7 7. O-O O-O 8. h3 Ne4 9. Qe1 Bf6 10. Ne5 Nd7 11. d3 Nd6 12. Nd2 c5 13. Ndf3 Rc8 14. Rd1 Qe7 15. Kh2 b5 16. Nxd7 Qxd7 17. Bxf6 gxf6 18. Qh4 Kg7 19. e4 dxe4 20. dxe4 Bxe4 21. Ne5 Qe7 22. Rxd6 Qxd6 23. Ng4 Rh8 24. Qxf6+ Kf8 25. Ne5 Rh7 26. f5 Bxf5 27. Rxf5 Rg7 28. Rf4 Qd5 29. Bf3 Qd2 30. Nxf7 1-0


[Site "https://www.chess.com"]

[Event "Titled Tuesday Blitz February 28 Early 2023"]
[White "Jimenez Almeida, Luis David"]
[Black "Nur, Shahidee Bin Saharan"]
[WhiteFideId "22242244"]
[BlackFideId "5810973"]
[WhiteElo "2245"]
[BlackElo "2770"]
[Result "1-0"]
[Round "02"]
[TimeControl "180+2"]
[Date "2023.02.28"]
[WhiteClock "0:00:07"]
[BlackClock "0:00:02"]

1. e4 c5 2. Nc3 e6 3. Nge2 a6 4. d4 cxd4 5. Nxd4 d6 6. g3 b5 7. Bg2 Bb7 8. O-O Nd7 9. Re1 Rc8 10. a4 b4 11. Nd5 Ngf6 12. Bg5 a5 13. Qd2 Ne5 14. f4 Nc4 15. Qf2 Nxb2 16. e5 dxe5 17. fxe5 Bxd5 18. exf6 Rg8 19. fxg7 Qxg5 20. gxf8=Q+ Rxf8 21. Nf5 Rd8 22. h4 Qg6 23. h5 Qg5 24. Re5 Qg8 25. Qc5 Rd7 26. Qc8+ Rd8 27. Qc7 Rd7 28. Qc8+ Rd8 29. Qc5 Rd7 30. Bxd5 Qg4 31. Qc8+ Rd8 32. Bc6# 1-0


[Site "https://www.chess.com"]

[Event "Titled Tuesday Blitz February 28 Early 2023"]
[White "Golubka, Petro"]
[Black "Taboas Rodriguez, Daniel"]
[WhiteFideId "14114224"]
[BlackFideId "2208466"]
[WhiteElo "2404"]
[BlackElo "2365"]
[Result "1/2-1/2"]
[Round "02"]
[TimeControl "180+2"]
[Date "2023.02.28"]
[WhiteClock "0:00:22"]
[BlackClock "0:00:04"]

1. e4 e5 2. Bb5 Nf6 3. Nc3 Nc6 4. f4 Bc5 5. Nf3 d6 6. d3 Bd7 7. Bxc6 Bxc6 8. Qe2 Qe7 9. fxe5 dxe5 10. Bg5 h6 11. Bh4 O-O-O 12. O-O-O Kb8 13. Kb1 Bb4 14. Be1 a6 15. Rf1 Ne8 16. Nh4 g6 17. g3 Bc5 18. a3 Nd6 19. Bf2 Bxf2 20. Qxf2 Rdf8 21. Qf6 Qxf6 22. Rxf6 Kc8 23. Rdf1 Kd8 24. Nf3 Re8 25. Nd2 h5 26. h3 Re7 27. b4 Bd7 28. h4 Re6 29. R6f2 f5 30. Nf3 Rf8 31. Ng5 Ree8 32. Kc1 c6 33. a4 Ke7 34. a5 Be6 35. Nh7 Rf7 36. Ng5 Rf6 37. Nh7 Rf7 38. Ng5 Rf6 39. exf5 gxf5 40. Nce4 Nxe4 41. dxe4 Ref8 42. Nh7 Rg8 43. Nxf6 Kxf6 44. Rxf5+ Bxf5 45. Rxf5+ Ke6 46. Rf3 Rg4 47. Re3 Kd6 48. c3 c5 49. Kd2 Kc6 50. Kc2 Kb5 51. Kb3 c4+ 52. Kc2 Ka4 53. Kd2 Kb3 54. Ke2 Kc2 55. Kf3 Kd2 56. Kf2 Rg8 57. Rf3 Rg4 58. Re3 Rg8 59. Rf3 Rg7 60. Kg2 Rg4 61. Rf7 Kxc3 62. Rxb7 Rxe4 63. b5 axb5 64. Rxb5 Re2+ 65. Kf3 Ra2 66. Rxe5 Kb3 67. Rb5+ Kc2 68. Rxh5 c3 69. Rc5 Kd3 70. h5 c2 71. Rxc2 Kxc2 72. Ke4 Rxa5 73. g4 Ra1 74. h6 Rh1 75. g5 Kd2 76. Kf5 Ke3 77. Kg6 Kf4 78. h7 Rxh7 79. Kxh7 Kxg5 1/2-1/2


[Site "https://www.chess.com"]

[Event "Titled Tuesday Blitz February 28 Early 2023"]
[White "polandchessplayer"]
[Black "Jaskolka, Tomasz"]
[BlackFideId "1170791"]
[WhiteElo "2768"]
[BlackElo "2155"]
[Result "1-0"]
[Round "02"]
[TimeControl "180+2"]
[Date "2023.02.28"]
[WhiteClock "0:00:30"]
[BlackClock "0:00:12"]

1. c4 c6 2. Nf3 d5 3. b3 Nf6 4. Bb2 Bf5 5. e3 e6 6. Be2 Nbd7 7. O-O Be7 8. d4 O-O 9. Nbd2 h6 10. Rc1 Qa5 11. c5 Qxa2 12. Bc3 b6 13. b4 bxc5 14. bxc5 Rfb8 15. Ra1 Qc2 16. Qxc2 Bxc2 17. Rfc1 Bg6 18. Ra6 Rc8 19. Rca1 Rc7 20. Ba5 Rcc8 21. Bb6 Rab8 22. Rxa7 Nxb6 23. cxb6 Rxb6 24. Rxe7 c5 25. dxc5 Rxc5 26. Rea7 Kh7 27. h3 Rb2 28. R7a2 Rcc2 29. Rxb2 Rxb2 30. Kf1 Nd7 31. Ke1 Nc5 32. Rc1 Na4 33. Ne5 Bc2 34. Rxc2 1-0


[Site "https://www.chess.com"]

[Event "Titled Tuesday Blitz February 28 Early 2023"]
[White "Florescu, Codrut-Constantin"]
[Black "Real_OceanStorm"]
[WhiteFideId "1202200"]
[WhiteElo "2191"]
[BlackElo "2766"]
[Result "1-0"]
[Round "02"]
[TimeControl "180+2"]
[Date "2023.02.28"]
[WhiteClock "0:00:50"]
[BlackClock "0:00:12"]

1. e4 c5 2. Nf3 Nc6 3. d4 cxd4 4. Nxd4 e5 5. Nb5 a6 6. Nd6+ Bxd6 7. Qxd6 Qe7 8. Qxe7+ Ngxe7 9. c3 d6 10. Bd3 f5 11. O-O fxe4 12. Bxe4 d5 13. Bc2 O-O 14. Be3 h6 15. Bb3 Be6 16. Bc5 Rfc8 17. Re1 Kf7 18. Nd2 Ng6 19. Nf3 e4 20. Nd4 Nxd4 21. Bxd4 Nf4 22. Re3 g5 23. f3 Nd3 24. fxe4 dxe4 25. Rf1+ Ke7 26. Rxe4 Rc6 27. Rf3 Nc1 28. Bd5 Kd7 29. Bxc6+ bxc6 30. Re1 Nxa2 31. Rf6 Re8 32. Rfxe6 Rxe6 33. Ra1 Nxc3 34. bxc3 Re2 35. Rxa6 Kd6 36. Ra5 Rc2 37. h3 Ke6 38. Kf1 Kd6 39. Rf5 Ke7 40. Re5+ Kd6 41. Re2 Rc1+ 42. Kf2 h5 43. Kg3 c5 44. Bf6 g4 45. h4 Rf1 46. Bg5 Rd1 47. Rd2+ Rxd2 48. Bxd2 Kd5 49. Kf4 Kc4 50. Kg5 Kd3 51. Bf4 Kxc3 52. Kxh5 c4 53. Kxg4 Kd3 54. Be5 Ke4 55. Bg7 Kd5 56. h5 Ke6 57. Kg5 Kf7 58. h6 Kg8 59. Be5 Kh7 60. g4 c3 61. Bxc3 Kg8 62. Kg6 1-0


[Site "https://www.chess.com"]

[Event "Titled Tuesday Blitz February 28 Early 2023"]
[White "Samunenkov, Ihor"]
[Black "Mammadzada, Gunay"]
[WhiteFideId "14187086"]
[BlackFideId "13403729"]
[WhiteElo "2457"]
[BlackElo "2396"]
[Result "0-1"]
[Round "02"]
[TimeControl "180+2"]
[Date "2023.02.28"]
[WhiteClock "0:00:04"]
[BlackClock "0:00:04"]

1. d4 d5 2. c4 c6 3. Nf3 Nf6 4. e3 Bf5 5. Nc3 e6 6. Nh4 Be4 7. f3 Bg6 8. Bd2 Be7 9. Qb3 Qc7 10. Nxg6 hxg6 11. O-O-O dxc4 12. Bxc4 b5 13. Bd3 a6 14. e4 c5 15. dxc5 Nbd7 16. Kb1 Nxc5 17. Qc2 Qb7 18. Be3 Rc8 19. Qf2 b4 20. Ne2 Nfd7 21. Bd4 e5 22. Be3 Nb6 23. Nc1 Nxd3 24. Nxd3 Nc4 25. Bc5 O-O 26. Rc1 Bxc5 27. Nxc5 Qb5 28. Nb3 a5 29. Nd2 Na3+ 30. bxa3 bxa3+ 31. Nb3 a4 32. Rc5 Qb8 33. Qc2 axb3 34. axb3 Rxc5 35. Qxc5 Qxb3+ 36. Kc1 Qb2+ 37. Kd1 a2 0-1


[Site "https://www.chess.com"]

[Event "Titled Tuesday Blitz February 28 Early 2023"]
[White "Borrmann, Laurenz"]
[Black "Trost, Edvin"]
[WhiteFideId "312187930"]
[BlackFideId "1729519"]
[WhiteElo "2307"]
[BlackElo "2395"]
[Result "1-0"]
[Round "02"]
[TimeControl "180+2"]
[Date "2023.02.28"]
[WhiteClock "0:00:09"]
[BlackClock "0:01:12"]

1. d4 Nf6 2. c4 d6 3. Nc3 e5 4. Nf3 e4 5. Nd2 Bf5 6. Qc2 Qe7 7. e3 Bg6 8. Be2 c6 9. b4 Qe6 10. a4 Nbd7 11. c5 d5 12. b5 Be7 13. a5 a6 14. bxa6 bxa6 15. Na4 O-O 16. Nb6 Ra7 17. Nb3 h5 18. Bd2 h4 19. h3 Nh5 20. Qd1 Qf5 21. Bg4 Qg5 22. Nxd7 Rd8 23. Ne5 Nf6 24. Nxg6 Qxg6 25. O-O Qg5 26. Rb1 Bf8 27. Na1 Ne8 28. Rb6 Qg6 29. Be2 Nc7 30. Bh5 Qe6 31. Qg4 Qf6 32. Qf4 Qe6 33. Rfb1 g6 34. Bd1 Nb5 35. Qxh4 Be7 36. Qg4 f5 37. Qe2 Qf6 38. Nc2 g5 39. Nb4 Rc8 40. Nxd5 Qf8 41. Nxe7+ Qxe7 42. Bb3+ Kh7 43. Bc4 Kg7 44. Bb4 f4 45. Bxb5 axb5 46. Bc3 Kg6 47. Qg4 Rf8 48. Rxc6+ Kf7 49. Qf5+ Ke8 50. Rc8+ Qd8 51. Rxd8+ Kxd8 52. Qxf8+ Kd7 53. Qd6+ Ke8 54. Rxb5 Ra8 55. Rb8+ Rxb8 56. Qxb8+ Kf7 57. a6 fxe3 58. fxe3 g4 59. a7 gxh3 60. a8=Q h2+ 61. Kxh2 Kg6 62. Qc6+ Kh5 63. Qe5+ Kg4 64. Qg6+ Kh4 65. Be1# 1-0


[Site "https://www.chess.com"]

[Event "Titled Tuesday Blitz February 28 Early 2023"]
[White "Turzo, Attila"]
[Black "Gledura, Benjamin"]
[WhiteFideId "704954"]
[BlackFideId "712779"]
[WhiteElo "2531"]
[BlackElo "2537"]
[Result "0-1"]
[Round "02"]
[TimeControl "180+2"]
[Date "2023.02.28"]
[WhiteClock "0:00:18"]
[BlackClock "0:00:31"]

1. e4 g6 2. d4 Bg7 3. Nf3 d6 4. c3 b6 5. Bd3 Bb7 6. O-O Nd7 7. Re1 e5 8. Nbd2 Ngf6 9. a4 a6 10. Nf1 O-O 11. Ng3 Re8 12. d5 c6 13. c4 a5 14. Bg5 Nc5 15. Bf1 h6 16. Bd2 Qc7 17. h4 Bc8 18. dxc6 Qxc6 19. Qc2 Bg4 20. Nh2 Be6 21. h5 g5 22. b3 Rad8 23. Bd3 Nfd7 24. f3 Qc8 25. Ngf1 Nb8 26. g4 Nc6 27. Bc3 Nd4 28. Bxd4 exd4 29. Ng3 Be5 30. Nhf1 Bd7 31. Rad1 Ne6 32. Ne2 Qc5 33. Kg2 Rc8 34. Nfg3 Bxg3 35. Kxg3 Qe5+ 36. Kg2 b5 37. axb5 Bxb5 38. Qd2 Bd7 39. Ra1 a4 40. b4 Ra8 41. Ra3 Reb8 42. Rea1 Rb7 43. b5 Nc5 44. Qb4 Be6 45. Rc1 Rc8 46. Rxa4 Nxd3 0-1


[Site "https://www.chess.com"]